 Dungeon Crawl Stone Soup version 0.29.1-1-gd02db6906a (webtiles) character file.

Game seed: 12671726470193106482

640 RogueRain17 the Destroyer (level 7, -12/46 HPs)
             Began as a Demonspawn Conjurer on Sept 24, 2022.
             Mangled by Pikel
             ... wielding a +0 whip of electrocution
              (17 damage)
             ... on level 4 of the Dungeon.
             The game lasted 00:11:51 (4843 turns).

RogueRain17 the Destroyer (Demonspawn Conjurer)     Turns: 4843, Time: 00:11:53

Health: -12/46     AC:  5    Str:  7    XL:     7   Next: 26%
Magic:  10/10      EV: 12    Int: 22    God:
Gold:   141        SH:  0    Dex: 11    Spells: 7/10 levels left

rFire   . . .      SeeInvis .   p - +3 quarterstaff (chaos)
rCold   + . .      Faith    .   (shield currently unavailable)
rNeg    . . .      Spirit   .   a - +0 robe
rPois   .          Reflect  .   (no helmet)
rElec   .          Harm     .   o - +0 cloak
rCorr   .          Rampage  .   (no gloves)
Will    .....                   (no boots)
Stlth   +.........              (no amulet)
HPRegen 0.15/turn               h - ring of wizardry
MPRegen 0.12/turn               i - ring of protection from cold

@: confused, ambrosia-drunk
A: slimy green scales 1
a: no special abilities


You were on level 4 of the Dungeon.
You visited 1 branch of the dungeon, and saw 4 of its levels.

You collected 141 gold pieces.

Inventory:

Hand Weapons
 n - a +2 hammer of draining
 p - a +3 quarterstaff of chaos (weapon)
Armour
 a - a +0 robe (worn)
 o - a +0 cloak (worn)
Jewellery
 h - a ring of wizardry (left hand)
 i - a ring of protection from cold (right hand)
Wands
 f - a wand of flame (10)
 s - a wand of digging (3)
 t - a wand of polymorph (8)
Scrolls
 d - a scroll of noise {unknown}
 q - a scroll of magic mapping {unknown}
 r - a scroll of brand weapon {unknown}
Potions
 b - a potion of magic
 c - 4 potions of curing
 g - 3 potions of heal wounds {unknown}
 j - a potion of lignification {unknown}
 k - a potion of invisibility {unknown}
 l - a potion of flight {unknown}
 m - a potion of mutation {unknown}


   Skills:
 - Level 1.7 Dodging
 - Level 1.7 Stealth
 - Level 2.0 Spellcasting
 + Level 9.0 Conjurations


You had 7 spell levels left.
You knew the following spells:

 Your Spells              Type           Power      Damage    Failure   Level
a - Magic Dart            Conj           100%       1d8       1%          1
b - Searing Ray           Conj           82%        2d7       1%          2

Your spell library contained the following spells:

 Spells                   Type           Power      Damage    Failure   Level
 Dazzling Flash           Conj/Hex       44%        N/A       2%          3
 Mephitic Cloud           Conj/Pois/Air  15%        N/A       4%          3
 Call Imp                 Summ           2%         N/A       9%          2
 Sublimation of Blood     Necr           2%         N/A       9%          2
 Wereblood                Tmut           2%         N/A       9%          2
 Fulminant Prism          Conj/Hex       11%        3d9       9%          4
 Iskenderun's Mystic Bla  Conj/Tloc      22%        2d6       9%          4
 Dispersal                Tloc           1%         N/A       100%        6
 Summon Hydra             Summ           1%         N/A       100%        7
 Disjunction              Tloc           1%         N/A       100%        8


Dungeon Overview and Level Annotations

Branches:
Dungeon (4/15)
 Temple: D:4-7

Altars:

Annotations:
D:4 Pikel


Innate Abilities, Weirdness & Mutations

You are partially covered in slimy green scales. (AC +2)


Message History

Pikel is lightly wounded.
Aiming: Throw Flame
Press: ? - help, Shift-Dir - straight line, f/p - Pikel
Aim: Pikel, wielding a +0 whip of electrocution, wearing a +2 robe of positive energy and carrying a wand of light (4) (lightly wounded, 60% to hit)
The puff of flame hits Pikel but does no damage.
Pikel is lightly wounded.
Casting: Searing Ray (safe; 1% risk of failure)
Confirm with . or Enter, or press ? or * to list all spells.
Aiming: Searing Ray (safe; 1% risk of failure)
Press: ? - help, Shift-Dir - straight line, f/p - Pikel
Aim: Pikel, wielding a +0 whip of electrocution, wearing a +2 robe of positive energy and carrying a wand of light (4) (lightly wounded, 77% to hit)
The searing ray hits Pikel!
Pikel is moderately wounded. (Press . to maintain the ray.)
The searing ray hits Pikel.
Pikel is moderately wounded.
Pikel zaps a wand.
The bolt of light hits you!
You are confused.
Pikel zaps a wand.
The bolt of light misses you.
You feel less confused.
You feel better.
Pikel hits you with a +0 whip of electrocution!
Aiming: Polymorph
Press: ? - help, Shift-Dir - straight line, f/p - Pikel
Aim: Pikel, wielding a +0 whip of electrocution, wearing a +2 robe of positive energy and carrying a wand of light (2) (moderately wounded, will become a rime drake, a black bear, or a cane toad, chance to affect: 49%) Pikel resists with some effort.
Pikel hits you with a +0 whip of electrocution.
* * * LOW HITPOINT WARNING * * *
You feel better.
Pikel hits you with a +0 whip of electrocution.
You are electrocuted!!
* * * LOW HITPOINT WARNING * * *
Unknown command.
It was a potion of ambrosia.
You are confused.
You feel invigorated.
Pikel hits you with a +0 whip of electrocution.
* * * LOW HITPOINT WARNING * * *
You are electrocuted!
You die...

......### ########## #####.##
#........# ####...#
#.######.######### .)†.)..# #.#
#.........# ####...#
#.##############.# #...# #.#...#
#.# #)..# #.....### ####)## #...#
##......#####......
####...#########@...........##.##
..............##K).##.#.....##.##
...............#............##...
...............#...#..#.>...#####
##.#...#.#####.#.................
#.#...#.# #)#......###########
#.#...#.# #..##.#.## # #.#...#.#
##[()..#.# # #.#...#.#
##.######.# ######


You could see Pikel.

Vanquished Creatures
  Menkaure (D:4)
  An ogre (D:4)
  A lemure (D:4)
  A necrophage (D:4)
  Crazy Yiuf (D:3)
  Ijyb (D:4)
  Natasha (thrice) (D:4)
  A gnoll bouda (D:4)
  An orc wizard (D:3)
  4 adders
  10 gnolls
  A dart slug (D:2)
  3 orcs (D:3)
  5 endoplasms
  4 giant cockroaches
  8 goblins
  7 hobgoblins
  4 jackals (D:1)
  4 ball pythons
  5 bats (D:1)
  9 kobolds
  3 rats
78 creatures vanquished.

Vanquished Creatures (others)
  A fungus (D:3)
1 creature vanquished.

Grand Total: 79 creatures vanquished

Notes
Turn   | Place    | Note
-------+----------+-------------------------------------------
     0 | D:1      | RogueRain17 the Demonspawn Conjurer began the quest for the
                  | Orb.
     0 | D:1      | Reached XP level 1. HP: 13/13 MP: 3/3
   233 | D:1      | Gained mutation: You are partially covered in slimy green
                  | scales. (AC +2) [demonic ancestry]
   233 | D:1      | Reached XP level 2. HP: 19/19 MP: 0/5
  1010 | D:1      | Reached skill level 5 in Conjurations
  1118 | D:1      | Reached XP level 3. HP: 24/24 MP: 3/6
  1194 | D:1      | Found a faded altar of an unknown god.
  1258 | D:2      | You fall into a shaft and drop 1 floor!
  2043 | D:3      | Reached XP level 4. HP: 30/30 MP: 5/7
  2952 | D:2      | Learned a level 2 spell: Searing Ray
  3128 | D:3      | Found a runed translucent door.
  3129 | D:3      | Noticed Crazy Yiuf
  3157 | D:3      | Killed Crazy Yiuf
  3158 | D:3      | Reached skill level 6 in Conjurations
  3300 | D:3      | Reached XP level 5. HP: 12/35 MP: 1/8
  3663 | D:4      | Noticed Menkaure
  3669 | D:4      | Killed Menkaure
  3670 | D:4      | Reached skill level 7 in Conjurations
  3670 | D:4      | Reached XP level 6. HP: 23/41 MP: 6/9
  3907 | D:4      | Reached skill level 8 in Conjurations
  4022 | D:4      | Noticed Natasha
  4031 | D:4      | Killed Natasha
  4109 | D:4      | Noticed Natasha
  4113 | D:4      | Killed Natasha
  4114 | D:4      | Reached XP level 7. HP: 46/46 MP: 4/10
  4370 | D:4      | Identified the +11 spear of the Eight Violins {flame, rPois
                  | rF- rCorr Dex+3}
  4467 | D:4      | Noticed Ijyb
  4471 | D:4      | Killed Ijyb
  4538 | D:4      | Noticed Natasha
  4543 | D:4      | Killed Natasha
  4548 | D:4      | Reached skill level 9 in Conjurations
  4832 | D:4      | Noticed Pikel
  4843 | D:4      | Mangled by Pikel

Illustrated notes

Levels and vault maps discovered:
D:1:      lemuel_arrival_lava_pool, layout_basic,
          chequers_ecumenical_altar_twisty, minmay_misc_feat_doors,
          chequers_serial_rivers_room_b, minmay_domino_2
D:2:      layout_basic
D:3:      layout_basic, uniq_crazy_yiuf_cottage
D:4:      layout_loops_cross, cheibrodos_sewer_entry_bend, uniq_menkaure,
          uniq_pikel, uniq_natasha, uniq_blork_the_orc, uniq_ijyb

Skill      XL: |  1  2  3  4  5  6  7 |
---------------+----------------------+-----
Conjurations   | 5 6 7 8 9 |  9.0
Dodging        | |  1.7
Stealth        | |  1.7
Spellcasting   | |  2.0

Action                   |  1- 3 |  4- 6 |  7- 9 || total
-------------------------+-------+-------+-------++-------
Melee: Unarmed           |    12 |     1 |       ||    13
       Quarterstaff      |       |       |     7 ||     7
 Cast: Magic Dart        |    82 |    44 |    12 ||   138
       Searing Ray       |       |     7 |     7 ||    14
Evoke: Wand              |     3 |     9 |     4 ||    16
  Use: Scroll            |       |     4 |       ||     4
       Potion            |       |     1 |     3 ||     4
Armor: Robe              |    12 |     1 |     4 ||    17
Dodge: Dodged            |    17 |     5 |     6 ||    28
